[Event "Titled Tuesday Blitz June 07 Early 2022"]
[White "Aitbayev, Aslan"]
[Black "Tania, Sachdev"]
[WhiteFideId "13704613"]
[BlackFideId "5007844"]
[WhiteElo "2385"]
[BlackElo "2280"]
[Result "1-0"]
[Round "01"]
[TimeControl "180+1"]
[Date "2022.06.08"]
[WhiteClock "0:00:13"]
[BlackClock "0:00:06"]

1. e4 e5 2. Nf3 Nc6 3. Bb5 a6 4. Ba4 Nf6 5. d3 d6 6. O-O g6 7. Re1 Bg7 8. Bxc6+ bxc6 9. d4 exd4 10. Nxd4 c5 11. Nc6 Qd7 12. e5 dxe5 13. Rxe5+ Kf8 14. Qxd7 Bxd7 15. Na5 Ng4 16. Re2 Re8 17. Rxe8+ Kxe8 18. h3 Ne5 19. Nc3 Nc6 20. Nxc6 Bxc6 21. Be3 c4 22. Bc5 Kd7 23. Rd1+ Kc8 24. Bd4 f6 25. Re1 Rd8 26. Bc5 f5 27. Re7 Rd7 28. Rxd7 Kxd7 29. f3 g5 30. Kf2 h5 31. Ke3 Ke6 32. Bd4 Bf8 33. Ne2 Bd6 34. Bc3 f4+ 35. Kf2 Kd5 36. Bd4 Bd7 37. Bf6 Bc5+ 38. Ke1 g4 39. Nxf4+ Kc6 40. Nxh5 gxh3 41. gxh3 Bxh3 42. Ke2 Bf5 43. c3 a5 44. Nf4 a4 45. a3 Kd6 46. Bd4 Bxd4 47. cxd4 c5 48. Ke3 Bc2 49. Ne2 Bd1 50. Nc3 cxd4+ 51. Kxd4 Bxf3 52. Nxa4 Be2 53. Nb6 Kc6 54. Nxc4 Kb5 55. b3 Bd1 56. Kc3 Bf3 57. a4+ Ka6 58. b4 Bc6 59. Kb3 Bd5 60. b5+ Kb7 61. Kb4 Ka7 62. a5 Kb7 63. Nd6+ Kc7 64. Kc5 Bf3 65. a6 Be2 66. a7 Bf3 67. b6+ 1-0


[Site "https://www.chess.com"]

[Event "Titled Tuesday Blitz June 07 Early 2022"]
[White "Andreikin, Dmitry"]
[Black "Wagner, Dinara"]
[WhiteFideId "4158814"]
[BlackFideId "24157570"]
[WhiteElo "2736"]
[BlackElo "2216"]
[Result "1-0"]
[Round "01"]
[TimeControl "180+1"]
[Date "2022.06.07"]
[WhiteClock "0:01:54"]
[BlackClock "0:00:16"]

1. d4 Nf6 2. c4 e6 3. Nc3 Bb4 4. Nf3 O-O 5. Bg5 c5 6. Rc1 h6 7. Bh4 cxd4 8. Nxd4 Nc6 9. e3 d5 10. cxd5 exd5 11. Bb5 Bd7 12. O-O a6 13. Bxf6 Qxf6 14. Nxd5 Qd6 15. Bxc6 Bxc6 16. Nxc6 bxc6 17. Nb6 Rad8 18. Qxd6 Rxd6 19. a3 Bd2 20. Rc2 Rfd8 21. g3 Rd3 22. Rxc6 Ba5 23. Nc4 R8d5 24. Rxa6 Bd8 25. Rc1 Bf6 26. b4 Rb3 27. Kg2 Bb2 28. Rb1 1-0


[Site "https://www.chess.com"]

[Event "Titled Tuesday Blitz June 07 Early 2022"]
[White "Aradhya, Garg"]
[Black "Putri, Regita Desyari"]
[WhiteFideId "25006746"]
[BlackFideId "7109083"]
[WhiteElo "2203"]
[BlackElo "1930"]
[Result "1/2-1/2"]
[Round "01"]
[TimeControl "180+1"]
[Date "2022.06.08"]
[WhiteClock "0:00:04"]
[BlackClock "0:00:24"]

1. d4 Nf6 2. Nf3 e6 3. e3 b6 4. Bd3 Bb7 5. O-O d5 6. c4 Be7 7. Nc3 O-O 8. b3 Nbd7 9. Bb2 c5 10. cxd5 exd5 11. Rc1 Ne4 12. dxc5 Ndxc5 13. Nd4 Bf6 14. Qe2 Nxd3 15. Qxd3 a6 16. Rfd1 g6 17. Nce2 Rc8 18. Nf4 Qe7 19. b4 Rfd8 20. a3 Nd6 21. Rxc8 Rxc8 22. Rc1 Rxc1+ 23. Bxc1 Nc4 24. g3 Qe4 25. Qxe4 dxe4 26. Nfe2 Kf8 27. Kf1 Ke7 28. Ke1 h5 29. Kd1 Kd6 30. Kc2 b5 31. Nc3 Bxd4 32. exd4 f5 33. Bf4+ Kd7 34. a4 bxa4 35. Nxa4 Bc6 36. Nc5+ Kc8 37. Nxa6 Bb5 38. Nc5 Nb6 39. Kd2 Nd5 40. Be5 Nxb4 41. Ne6 Nd5 42. Nf4 Nxf4 43. Bxf4 Kd7 44. Ke3 Ke6 45. h4 Kd5 46. Be5 Ba4 47. Kf4 Bd1 48. Kg5 Bg4 49. Kxg6 Kc4 50. Kg5 Kd5 51. Kf4 Bh3 52. f3 exf3 53. Kxf3 Bg4+ 54. Kf4 Bh3 55. Kg5 Bg4 56. Kf6 Bh3 57. Kg5 Bg4 58. Kg6 Ke6 59. Bh8 Kd5 60. Kf7 Bh3 61. Bf6 Bg4 62. Ke7 Bh3 63. Be5 Bg4 64. Kf6 Bh3 65. Kg6 Bg4 66. Kg5 Ke6 67. Bf4 Kd5 68. Be3 Ke6 69. Bg1 Kd5 70. Bf2 Ke6 71. Kg6 Kd5 72. Kf6 Bh3 73. Bg1 Bg4 74. Ke7 Bh3 75. Kd8 Bg4 76. Ke7 Bh3 77. Kf6 Bg4 78. Kg5 Ke6 79. Bf2 Kd5 80. Kf4 Bh3 81. Ke3 Bg4 82. Be1 Bh3 83. Bb4 Bg4 84. Bc5 Bh3 85. Kf3 Bg4+ 86. Kf4 Ke6 87. Kg5 Kd5 88. Bb6 Ke6 89. Ba7 Kd5 90. Kf6 Bh3 91. Bb6 Bg4 92. Kg5 Ke6 93. Bc5 Kd5 94. Ba7 Ke6 95. Bc5 1/2-1/2


[Site "https://www.chess.com"]

[Event "Titled Tuesday Blitz June 07 Early 2022"]
[White "Babazada, Khazar"]
[Black "Keller, Peter"]
[WhiteFideId "13413554"]
[BlackFideId "1272105"]
[WhiteElo "2406"]
[BlackElo "2275"]
[Result "1-0"]
[Round "01"]
[TimeControl "180+1"]
[Date "2022.06.08"]
[WhiteClock "0:00:07"]
[BlackClock "0:00:27"]

1. e4 e5 2. Nf3 Nc6 3. Bb5 Nf6 4. O-O Nxe4 5. d4 Nd6 6. Ba4 exd4 7. Nxd4 Be7 8. Nc3 O-O 9. Nd5 Nxd4 10. Qxd4 Nf5 11. Qd3 d6 12. c3 c6 13. Nxe7+ Nxe7 14. Bg5 Bf5 15. Qd2 Qd7 16. Rad1 Rad8 17. c4 Rfe8 18. h3 Kh8 19. Rfe1 f6 20. Bf4 d5 21. c5 Ng6 22. Bd6 Rxe1+ 23. Rxe1 Re8 24. Bd1 Rxe1+ 25. Qxe1 Qe6 26. Qa5 h6 27. Bh5 a6 28. Qb4 Qd7 29. b3 Kh7 30. Qd4 Ne7 31. Qe3 Bg6 32. Qxe7 Qxe7 33. Bxg6+ Kxg6 34. Bxe7 1-0


[Site "https://www.chess.com"]

[Event "Titled Tuesday Blitz June 07 Early 2022"]
[White "Bethke, Richard"]
[Black "Matlakov, Maxim"]
[WhiteFideId "12959243"]
[BlackFideId "4168003"]
[WhiteElo "2512"]
[BlackElo "2669"]
[Result "0-1"]
[Round "01"]
[TimeControl "180+1"]
[Date "2022.06.07"]
[WhiteClock "0:00:52"]
[BlackClock "0:01:52"]

1. e4 e5 2. Nf3 Nc6 3. Bc4 Bc5 4. O-O Nf6 5. d3 d6 6. c3 h6 7. Re1 a6 8. d4 Ba7 9. dxe5 Ng4 10. Nd4 Qh4 11. h3 Qxf2+ 12. Kh1 Ncxe5 13. Be2 Qh4 14. Qa4+ Bd7 15. Qb3 Qxe1+ 0-1


[Site "https://www.chess.com"]

[Event "Titled Tuesday Blitz June 07 Early 2022"]
[White "Bharath Subramaniyam H"]
[Black "Perez Leiva, Jerzy Jesus"]
[WhiteFideId "46634827"]
[BlackFideId "3524337"]
[WhiteElo "2242"]
[BlackElo "2287"]
[Result "1-0"]
[Round "01"]
[TimeControl "180+1"]
[Date "2022.06.07"]
[WhiteClock "0:01:33"]
[BlackClock "0:00:15"]

1. d4 Nf6 2. Nf3 e6 3. Bf4 d5 4. c3 c5 5. e3 Bd6 6. Nbd2 Qc7 7. Ne5 Nbd7 8. Ndf3 Ne4 9. Bd3 f6 10. Nxd7 Bxd7 11. Bxd6 Nxd6 12. Qc2 O-O-O 13. O-O c4 14. Be2 g5 15. b3 Kb8 16. Nd2 Rc8 17. bxc4 dxc4 18. e4 Qa5 19. Rab1 Ka8 20. Rb4 e5 21. dxe5 Qxe5 22. Nxc4 Nxc4 23. Bxc4 a5 24. Ra4 Bxa4 25. Qxa4 Qxe4 26. Qxa5+ Kb8 27. Bd5 Qc2 28. Qb6 Rc7 29. Qxf6 Qxc3 30. Qxg5 Rd8 31. Qxd8+ 1-0


[Site "https://www.chess.com"]

[Event "Titled Tuesday Blitz June 07 Early 2022"]
[White "Bluebaum, Matthias"]
[Black "Cremisi, Daniel"]
[WhiteFideId "24651516"]
[BlackFideId "2089882"]
[WhiteElo "2556"]
[BlackElo "2172"]
[Result "1-0"]
[Round "01"]
[TimeControl "180+1"]
[Date "2022.06.07"]
[WhiteClock "0:01:31"]
[BlackClock "0:01:50"]

1. d4 e6 2. c4 Nf6 3. Nc3 d5 4. cxd5 exd5 5. Bg5 c6 6. e3 Be7 7. Bd3 O-O 8. h3 Re8 9. Qc2 h6 10. Bf4 Nbd7 11. Nf3 Nf8 12. O-O-O b6 13. g4 N6d7 14. Rdg1 Ne6 15. h4 Nxf4 16. exf4 Bd6 17. Ne2 c5 18. g5 h5 19. Ne5 Bxe5 20. dxe5 c4 21. Bh7+ Kh8 22. Nd4 Nc5 23. Qe2 Kxh7 24. Qxh5+ Kg8 25. g6 fxg6 26. Rxg6 Nd3+ 27. Kb1 Qe7 28. Rhg1 Nxf4 29. Rxg7+ Qxg7 30. Qxe8+ 1-0


[Site "https://www.chess.com"]

[Event "Titled Tuesday Blitz June 07 Early 2022"]
[White "Bortnyk, Olexandr"]
[Black "Myshakov, Fyodor"]
[WhiteFideId "14120828"]
[BlackFideId "14111284"]
[WhiteElo "2723"]
[BlackElo "2310"]
[Result "1-0"]
[Round "01"]
[TimeControl "180+1"]
[Date "2022.06.07"]
[WhiteClock "0:02:16"]
[BlackClock "0:00:04"]

1. d4 d5 2. Nc3 Nf6 3. Bf4 c6 4. e3 Bf5 5. Nf3 e6 6. Ne5 Nbd7 7. g4 Nxe5 8. gxf5 Ned7 9. fxe6 fxe6 10. Bh3 Qe7 11. Qe2 h6 12. e4 g5 13. Bg3 O-O-O 14. O-O-O h5 15. exd5 exd5 16. Be6 Ne4 17. Nxe4 dxe4 18. Qxe4 Bg7 19. d5 h4 20. dxc6 hxg3 21. Bxd7+ Rxd7 22. cxd7+ Kd8 23. Qxb7 Qf6 24. Qb8+ Ke7 25. d8=Q+ Rxd8 26. Qxd8+ 1-0


[Site "https://www.chess.com"]

[Event "Titled Tuesday Blitz June 07 Early 2022"]
[White "Cardoso Cardoso, Jose Gabriel"]
[Black "Sztokbant, Bernardo Vainzoff"]
[WhiteFideId "4430492"]
[BlackFideId "2115956"]
[WhiteElo "2485"]
[BlackElo "2195"]
[Result "1-0"]
[Round "01"]
[TimeControl "180+1"]
[Date "2022.06.08"]
[WhiteClock "0:00:15"]
[BlackClock "0:00:02"]

1. c4 e5 2. Nc3 Nf6 3. g3 d5 4. cxd5 Nxd5 5. Bg2 Nb6 6. d3 Nc6 7. Bxc6+ bxc6 8. Nf3 f6 9. Be3 Bh3 10. Ne4 Nd5 11. Bd2 Be7 12. Qa4 Bd7 13. Rc1 O-O 14. O-O Qe8 15. Qc4 Kh8 16. Nc5 Bh3 17. Rfe1 Rb8 18. b3 Qh5 19. Qh4 Qxh4 20. Nxh4 f5 21. Nf3 Bxc5 22. Rxc5 e4 23. Ng5 Bg4 24. dxe4 fxe4 25. Nxe4 Rbe8 26. f3 Bd7 27. Rcc1 Nf6 28. Nc5 Bc8 29. e4 h6 30. Bf4 Rf7 31. Kg2 Nh5 32. Be3 Nf6 33. Nd3 Ba6 34. Nb4 Bb7 35. Nxc6 Nd7 36. Na5 Ba8 37. Rxc7 Ne5 38. Rxf7 Nxf7 39. Bxa7 Ne5 40. Bd4 Nd3 41. Rd1 Nb4 42. Rd2 Na6 43. Bb2 Nc5 44. Nc4 Ne6 45. Rd7 Bc6 46. Rd6 Bb5 47. Ne3 Nc5 48. Rxh6+ Kg8 49. Rh5 Nd3 50. Rxb5 Rc8 51. Bd4 Ne1+ 52. Kf2 Nd3+ 53. Ke2 Nc1+ 54. Kd2 Nxa2 55. Rb7 Nc1 56. Rxg7+ Kf8 57. Rb7 Na2 58. Nd5 Nc1 59. Bg7+ Kg8 60. Nf6# 1-0


[Site "https://www.chess.com"]

[Event "Titled Tuesday Blitz June 07 Early 2022"]
[White "Cervantes Landeiro, Thalia"]
[Black "Le, Tuan Minh"]
[WhiteFideId "3520498"]
[BlackFideId "12401153"]
[WhiteElo "2042"]
[BlackElo "2530"]
[Result "0-1"]
[Round "01"]
[TimeControl "180+1"]
[Date "2022.06.07"]
[WhiteClock "0:00:03"]
[BlackClock "0:00:23"]

1. d4 d5 2. c4 c6 3. Nf3 Nf6 4. e3 Bf5 5. Nc3 e6 6. Nh4 Be4 7. Qb3 Qc7 8. f3 Bg6 9. Bd2 Be7 10. Nxg6 hxg6 11. O-O-O dxc4 12. Bxc4 b5 13. Be2 a6 14. g3 Nbd7 15. Kb1 c5 16. Ne4 O-O 17. Nxc5 Nxc5 18. dxc5 Bxc5 19. Rc1 Qb6 20. Rxc5 Qxc5 21. Bb4 Qf5+ 22. e4 Nxe4 23. Qc2 Nf6 24. Qxf5 gxf5 25. Bxf8 Kxf8 26. Rc1 Nd5 27. Rc6 Ke7 28. f4 Kd7 29. Rc1 Rh8 30. h4 Rc8 31. Rd1 Ke7 32. Bf3 Rc5 33. a3 a5 34. h5 a4 35. Rd3 Kd6 36. Rd1 Rc4 37. Be2 Rc5 38. Bf3 Kd7 39. Ka2 Ke7 40. Rd2 Kf6 41. Kb1 g5 42. Rh2 gxf4 43. h6 Rc8 44. Bxd5 fxg3 45. Rg2 exd5 46. Rxg3 Rh8 47. Rd3 Ke5 48. Re3+ Kd4 49. Rh3 f4 50. Kc2 Ke4 51. Kd2 Kf5 52. Ke2 Kg6 53. Rd3 Rxh6 54. Rxd5 Rh2+ 55. Kf3 Rxb2 56. Kxf4 Rb3 57. Rd6+ f6 58. Rb6 Rxa3 59. Rxb5 Ra1 60. Ra5 a3 61. Kg3 a2 62. Kg2 f5 63. Ra6+ Kg7 64. Ra8 f4 65. Ra7+ Kf8 66. Ra8+ Ke7 67. Ra7+ Kd6 68. Ra6+ Kc5 69. Ra4 f3+ 70. Kh2 f2 0-1


[Site "https://www.chess.com"]

[Event "Titled Tuesday Blitz June 07 Early 2022"]
[White "Chigaev, Maksim"]
[Black "Shtyka, Sergey"]
[WhiteFideId "4108116"]
[BlackFideId "4138465"]
[WhiteElo "2457"]
[BlackElo "2014"]
[Result "1-0"]
[Round "01"]
[TimeControl "180+1"]
[Date "2022.06.07"]
[WhiteClock "0:00:25"]
[BlackClock "0:00:14"]

1. c4 c5 2. Nc3 Nc6 3. Nf3 g6 4. e3 Bg7 5. d4 cxd4 6. exd4 d6 7. d5 Ne5 8. Nxe5 Bxe5 9. Be2 Bg7 10. O-O Nf6 11. Re1 O-O 12. Bg5 Bf5 13. Bf3 Rc8 14. b3 a6 15. Rc1 Re8 16. h3 Qa5 17. a4 Nd7 18. Bd2 Nc5 19. Ne4 Qb6 20. Nxc5 Qxc5 21. Be4 Bxe4 22. Rxe4 b5 23. b4 Qb6 24. cxb5 Rxc1 25. Qxc1 axb5 26. Qc6 Rb8 27. Rxe7 Qd4 28. Re8+ Rxe8 29. Qxe8+ Bf8 30. Bh6 Qa1+ 31. Kh2 Qe5+ 32. Qxe5 dxe5 33. Bxf8 Kxf8 34. a5 1-0


[Site "https://www.chess.com"]

[Event "Titled Tuesday Blitz June 07 Early 2022"]
[White "Chojnacki, Slawomir"]
[Black "Zhigalko, Sergei"]
[WhiteFideId "1117076"]
[BlackFideId "13502956"]
[WhiteElo "2084"]
[BlackElo "2662"]
[Result "0-1"]
[Round "01"]
[TimeControl "180+1"]
[Date "2022.06.07"]
[WhiteClock "0:00:25"]
[BlackClock "0:00:05"]

1. d4 Nf6 2. Nf3 e6 3. Bf4 d5 4. e3 Bd6 5. Bg3 O-O 6. Bd3 b6 7. O-O Bb7 8. Nbd2 c5 9. c3 Nc6 10. Rc1 Rc8 11. Re1 Qc7 12. a3 e5 13. dxc5 bxc5 14. e4 d4 15. cxd4 cxd4 16. b4 Qe7 17. Nc4 Bc7 18. b5 Na5 19. Ncxe5 Qxa3 20. Ra1 Qc3 21. Rc1 Qa3 22. Ra1 Qc3 23. Rc1 Qb4 24. Rb1 Qe7 25. Qa4 Rfd8 26. Rec1 Nxe4 27. Rxc7 Qxc7 28. Nc6 Nxg3 29. Nxa5 Ne4 30. Nxb7 Qxb7 31. Re1 Nc5 32. Qc2 Nxd3 33. Qxd3 h6 34. h4 Rc3 35. Qf5 Qd7 36. Qf4 d3 37. Ne5 d2 38. Rd1 Qe6 39. Rxd2 Rxd2 40. Qxd2 Qxe5 41. Qd8+ Kh7 42. Qd2 Rc5 43. Qd3+ Qf5 44. Qe3 Rxb5 45. g3 Rb1+ 46. Kg2 Qd5+ 47. f3 Rb2+ 48. Kh3 Rb3 49. Qf4 Rxf3 0-1


[Site "https://www.chess.com"]

[Event "Titled Tuesday Blitz June 07 Early 2022"]
[White "Costachi, Mihnea"]
[Black "Horak, Martin"]
[WhiteFideId "1217518"]
[BlackFideId "367095"]
[WhiteElo "2476"]
[BlackElo "1997"]
[Result "1-0"]
[Round "01"]
[TimeControl "180+1"]
[Date "2022.06.07"]
[WhiteClock "0:00:24"]
[BlackClock "0:00:03"]

1. d4 Nf6 2. Bg5 d5 3. e3 c5 4. c3 Qb6 5. Qc2 Nc6 6. Nd2 g6 7. dxc5 Qxc5 8. Nb3 Qd6 9. Nf3 Bf5 10. Bd3 Bxd3 11. Qxd3 Bg7 12. O-O O-O 13. Rfd1 Rfd8 14. Qb5 b6 15. c4 Ne5 16. Nxe5 Qxe5 17. Bf4 Qxb2 18. cxd5 Ne4 19. Qf1 Nc3 20. Rd2 Qa3 21. Nd4 Nxd5 22. Bg3 Qc3 23. Rad1 Nf6 24. Rc2 Qa3 25. Rdc1 Ne4 26. Nc6 Rd7 27. Be5 Bxe5 28. Nxe5 Rd5 29. Nc6 Kg7 30. Qc4 Nf6 31. Nd4 Rad8 32. h3 e5 33. Nf3 Rd1+ 34. Rxd1 Rxd1+ 35. Kh2 e4 36. Ng5 Qd6+ 37. g3 h5 38. Qxf7+ Kh6 39. Ne6 Qd7 40. Qf8+ Kh7 41. Ng5# 1-0


[Site "https://www.chess.com"]

[Event "Titled Tuesday Blitz June 07 Early 2022"]
[White "D`Arruda, Ricardo D."]
[Black "Molina, Roberto Junio Brito"]
[WhiteFideId "100692"]
[BlackFideId "2109450"]
[WhiteElo "2460"]
[BlackElo "2432"]
[Result "0-1"]
[Round "01"]
[TimeControl "180+1"]
[Date "2022.06.08"]
[WhiteClock "0:00:04"]
[BlackClock "0:00:13"]

1. Nf3 d5 2. b3 Bg4 3. Bb2 Nd7 4. e3 e6 5. Be2 Ngf6 6. O-O Bd6 7. h3 Bh5 8. d4 Ne4 9. Nbd2 f5 10. Ne5 Bxe2 11. Qxe2 Nxd2 12. Qxd2 Nxe5 13. dxe5 Be7 14. f4 O-O 15. g4 Qe8 16. Rad1 c6 17. Qg2 Qg6 18. Kh1 fxg4 19. Qxg4 Qxg4 20. hxg4 h5 21. f5 hxg4 22. f6 gxf6 23. exf6 Bd6 24. e4 Kf7 25. e5 Rh8+ 26. Kg2 Bc5 27. Rh1 Rag8 28. Kg3 Rh3+ 29. Rxh3 gxh3+ 30. Kxh3 Be3 31. Rf1 c5 32. Rf3 d4 33. Rg3 Rh8+ 34. Kg2 Rh7 35. Kf3 Bd2 36. Ke4 Be1 37. Rg1 Ba5 38. a4 Bc7 39. Rg5 b6 40. Kd3 a6 41. Kc4 Bb8 42. a5 Ba7 43. axb6 Bxb6 44. Ba3 Rh2 45. Rg7+ Kf8 46. Bxc5+ Bxc5 47. Kxc5 Rxc2+ 48. Kxd4 Rd2+ 49. Ke4 Re2+ 50. Kf4 Rf2+ 51. Ke3 Rb2 52. Rb7 a5 0-1


[Site "https://www.chess.com"]

[Event "Titled Tuesday Blitz June 07 Early 2022"]
[White "Demchenko, Anton"]
[Black "Hosseinzadeh, Nima"]
[WhiteFideId "4160258"]
[BlackFideId "12505323"]
[WhiteElo "2539"]
[BlackElo "2066"]
[Result "1-0"]
[Round "01"]
[TimeControl "180+1"]
[Date "2022.06.07"]
[WhiteClock "0:00:52"]
[BlackClock "0:00:02"]

1. e4 e5 2. Nf3 Nc6 3. Bc4 Bc5 4. d3 Nf6 5. Bg5 h6 6. Bh4 d6 7. c3 a6 8. Nbd2 Qe7 9. O-O g5 10. Bg3 Nh7 11. d4 Ba7 12. dxe5 dxe5 13. Bd5 f6 14. Nc4 Bd7 15. Ne3 O-O-O 16. Qe2 h5 17. h4 g4 18. Ne1 Nf8 19. Nd3 Ng6 20. Rad1 Kb8 21. b4 f5 22. Nxf5 Bxf5 23. exf5 Nxh4 24. Bxc6 Nxf5 25. Qxe5 Qxe5 26. Bxe5 bxc6 27. Bxh8 Rxh8 28. Ne5 g3 29. Nxc6+ Kb7 30. Nxa7 Kxa7 31. Rd5 gxf2+ 32. Rxf2 Nd6 33. Re2 Kb6 34. a4 h4 35. Re7 h3 36. a5+ Kc6 37. Rc5+ Kb7 38. Rcxc7+ Kb8 39. gxh3 Rxh3 40. Rcd7 Nc8 41. Re8 Rxc3 42. Kf2 Rc4 43. Rdd8 Kb7 44. Ke3 Rc3+ 45. Kd4 Rc7 46. b5 axb5 47. a6+ Kxa6 48. Rxc8 Rd7+ 49. Kc5 Ra7 50. Rc6+ Ka5 51. Re1 b4 52. Ra1# 1-0


[Site "https://www.chess.com"]

[Event "Titled Tuesday Blitz June 07 Early 2022"]
[White "Drygalov, Andrey"]
[Black "Dounis, Alexandros"]
[WhiteFideId "24171735"]
[BlackFideId "4213238"]
[WhiteElo "2540"]
[BlackElo "2204"]
[Result "1-0"]
[Round "01"]
[TimeControl "180+1"]
[Date "2022.06.07"]
[WhiteClock "0:02:01"]
[BlackClock "0:00:16"]

1. e4 e5 2. Nf3 Nc6 3. Bb5 a6 4. Ba4 Nf6 5. O-O Be7 6. Re1 b5 7. Bb3 d6 8. c3 O-O 9. h3 Na5 10. Bc2 d5 11. d4 dxe4 12. Nxe5 c5 13. dxc5 Bxc5 14. Qxd8 Rxd8 15. Bg5 Bb7 16. b4 Bd6 17. Ng4 Nc4 18. Bxf6 gxf6 19. Bxe4 Bxe4 20. Nxf6+ Kg7 21. Nxe4 Be5 22. a4 bxa4 23. Rxa4 Rd5 24. Na3 Nb2 25. Ra5 Rxa5 26. bxa5 Rc8 27. Rb1 Nc4 28. Nc2 Nxa5 29. Ra1 Bxc3 30. Nxc3 Rxc3 31. Nb4 Nc6 32. Nd5 Rc5 33. Rxa6 Rxd5 34. Rxc6 h5 35. h4 Rd4 36. g3 Rd2 37. Kg2 Rb2 38. Rd6 Ra2 39. Kf3 Rb2 40. Ke3 Ra2 41. Rd4 Rb2 42. f3 Rb5 43. Kf4 Kg6 44. g4 f6 45. Rd6 Rb4+ 46. Kg3 Rb5 47. g5 Rf5 48. Rxf6+ Rxf6 49. gxf6 Kf7 50. Kf4 Kxf6 51. Ke4 Ke6 52. f4 Kf6 53. f5 Kf7 54. Ke5 Ke7 55. f6+ Kf7 56. Kf5 Kf8 57. Kg6 Kg8 58. Kxh5 Kf7 59. Kg5 Kf8 60. Kg6 Kg8 61. f7+ 1-0


[Site "https://www.chess.com"]

[Event "Titled Tuesday Blitz June 07 Early 2022"]
[White "Dushyant Sharma"]
[Black "Tristan, Leonardo"]
[WhiteFideId "25065130"]
[BlackFideId "113816"]
[WhiteElo "2105"]
[BlackElo "2404"]
[Result "1-0"]
[Round "01"]
[TimeControl "180+1"]
[Date "2022.06.08"]
[WhiteClock "0:00:09"]
[BlackClock "0:00:05"]

1. e4 d5 2. exd5 Qxd5 3. Nc3 Qa5 4. d4 Nf6 5. Bd3 Bf5 6. Nf3 Nbd7 7. Be3 e6 8. O-O Be7 9. a3 Bxd3 10. Qxd3 c6 11. Ne4 O-O 12. c4 Rad8 13. b4 Qc7 14. Nxf6+ Bxf6 15. Qe4 Rfe8 16. Rad1 b5 17. Rc1 Qb6 18. d5 c5 19. cxb5 exd5 20. Qxd5 Qxb5 21. Ng5 Bxg5 22. Bxg5 Re5 23. Qxe5 Nxe5 24. Bxd8 c4 25. Rfe1 Nd3 26. a4 Qxa4 27. Ra1 Qd7 28. Rxa7 Qxd8 29. Rea1 Kf8 30. Ra8 Ke8 31. Kf1 c3 32. Ke2 Nxb4 33. Rxd8+ Kxd8 34. Ra4 Nd5 35. Kd3 Ke7 36. Ra7+ Ke6 37. f3 Nf4+ 38. Kxc3 Nxg2 39. Kd4 Nf4 40. Ke4 Ng6 41. Ra6+ Ke7 42. f4 Nf8 43. f5 Nd7 44. Kd5 Ke8 45. Kd6 1-0


[Site "https://www.chess.com"]

[Event "Titled Tuesday Blitz June 07 Early 2022"]
[White "Garagulya, Konstantin"]
[Black "Har-Zvi, Ronen"]
[WhiteFideId "4128931"]
[BlackFideId "2801485"]
[WhiteElo "2329"]
[BlackElo "2523"]
[Result "0-1"]
[Round "01"]
[TimeControl "180+1"]
[Date "2022.06.08"]
[WhiteClock "0:00:58"]
[BlackClock "0:01:31"]

1. d4 d5 2. Nf3 c6 3. c4 Nf6 4. Qc2 dxc4 5. Qxc4 Bg4 6. Nbd2 Nbd7 7. e3 e6 8. Bd3 Bd6 9. O-O O-O 10. b3 e5 11. Bb2 Bxf3 12. gxf3 exd4 13. Bxd4 Ne5 14. Bxe5 Bxe5 15. Rad1 Nd5 16. f4 Bf6 17. Ne4 Qe7 18. Nxf6+ Qxf6 19. Be4 Nc3 20. Rd3 Nxa2 21. b4 Qe6 22. Qxe6 fxe6 23. Rb3 Rfd8 24. Ra1 Rd2 25. Bb1 Nc1 26. Be4 Nxb3 0-1


[Site "https://www.chess.com"]

[Event "Titled Tuesday Blitz June 07 Early 2022"]
[White "Girinath, P.D.S."]
[Black "Stribuk, Artiom"]
[WhiteFideId "5000572"]
[BlackFideId "13515659"]
[WhiteElo "2369"]
[BlackElo "2259"]
[Result "1-0"]
[Round "01"]
[TimeControl "180+1"]
[Date "2022.06.08"]
[WhiteClock "0:00:10"]
[BlackClock "0:00:09"]

1. e4 c5 2. Nf3 Nc6 3. Bb5 e6 4. O-O Nge7 5. b3 a6 6. Bxc6 Nxc6 7. Bb2 b5 8. c4 Bb7 9. Re1 bxc4 10. bxc4 f6 11. Nc3 Bd6 12. Rb1 O-O 13. Na4 Nb4 14. Bc3 Bc6 15. Bxb4 cxb4 16. d4 Qa5 17. Nb2 Bb7 18. c5 Be7 19. Qb3 Qb5 20. Nc4 a5 21. a4 Qc6 22. Rbc1 Kh8 23. Nb6 Ba6 24. d5 Qb7 25. Nxa8 Rxa8 26. dxe6 dxe6 27. Qxe6 h6 28. c6 Qc7 29. Nd4 Bc8 30. Qf7 Bd6 31. Qxc7 Bxc7 32. Nb5 Be5 33. Red1 Ba6 34. c7 Rc8 35. Rd8+ Kh7 36. Rxc8 Bxc8 37. Na7 Bd7 38. c8=Q Bxc8 39. Nxc8 Bc3 40. Nb6 Kg6 41. Nc4 f5 42. exf5+ Kxf5 43. Nxa5 Ke4 44. Nb3 Kd3 45. a5 Kc4 46. a6 1-0


[Site "https://www.chess.com"]

[Event "Titled Tuesday Blitz June 07 Early 2022"]
[White "Golizadeh, Asghar"]
[Black "Shubin, Kirill"]
[WhiteFideId "12505269"]
[BlackFideId "34119962"]
[WhiteElo "2403"]
[BlackElo "2474"]
[Result "0-1"]
[Round "01"]
[TimeControl "180+1"]
[Date "2022.06.07"]
[WhiteClock "0:01:05"]
[BlackClock "0:01:18"]

1. e4 e6 2. d4 d5 3. Nc3 Bb4 4. e5 b6 5. h4 Ne7 6. h5 h6 7. Qg4 Rg8 8. a3 Bxc3+ 9. bxc3 Ba6 10. Rh3 Bxf1 11. Kxf1 Qd7 12. Rf3 c5 13. Ne2 Nbc6 14. Qf4 Rf8 15. a4 cxd4 16. cxd4 Rc8 17. Ba3 Na5 18. Nc3 a6 19. Bd6 Nc4 20. Rg3 Nxd6 21. exd6 Nf5 22. Rg4 Rxc3 23. Rb1 Qxd6 24. Qd2 Qc6 25. Rxb6 Qxb6 26. Qxc3 Kd7 27. Rf4 Rc8 28. Qd2 Qb1+ 29. Qe1 Qxe1+ 30. Kxe1 Rxc2 31. g4 Nd6 32. g5 hxg5 33. Rf3 Rc4 34. Rb3 Rxd4 35. Rb8 Rh4 36. Rg8 Rxh5 37. Rxg7 Rh8 38. Rg8 Rxg8 0-1


[Site "https://www.chess.com"]

[Event "Titled Tuesday Blitz June 07 Early 2022"]
[White "Gunduz, Umut Erdem"]
[Black "Van Foreest, Jorden"]
[WhiteFideId "6381383"]
[BlackFideId "1039784"]
[WhiteElo "2099"]
[BlackElo "2609"]
[Result "0-1"]
[Round "01"]
[TimeControl "180+1"]
[Date "2022.06.07"]
[WhiteClock "0:00:01"]
[BlackClock "0:00:38"]

1. e4 b6 2. d4 Bb7 3. Bd3 d6 4. Nf3 Nd7 5. O-O e5 6. c3 Ngf6 7. Re1 g6 8. a4 a6 9. b3 Bg7 10. dxe5 dxe5 11. Ba3 Bf8 12. Bxf8 Kxf8 13. b4 Kg7 14. a5 b5 15. Nbd2 c5 16. Qe2 Qe7 17. Rab1 Rac8 18. Nf1 cxb4 19. cxb4 Rc3 20. Ng3 Rhc8 21. Nh4 Kh8 22. Red1 Nf8 23. h3 Ne6 24. Nf3 Nf4 25. Qf1 Rd8 26. Bxb5 Rxd1 27. Rxd1 axb5 28. Qxb5 Kg7 29. a6 Ba8 30. Nxe5 Rb3 31. Nc6 Qe8 32. Qc4 Ra3 33. b5 h5 34. e5 Nd7 35. Qxf4 Qe6 36. Nd4 Qd5 37. f3 Qc5 38. e6 Nf6 39. exf7 Kxf7 40. Kh2 Ra4 41. Qb8 h4 42. Nge2 Bd5 43. Qd8 g5 44. Rd2 Kg6 45. Qb8 Ra1 0-1


[Site "https://www.chess.com"]

[Event "Titled Tuesday Blitz June 07 Early 2022"]
[White "Gurevich, Dmitry"]
[Black "Dubov, Daniil"]
[WhiteFideId "2000407"]
[BlackFideId "24126055"]
[WhiteElo "2506"]
[BlackElo "2791"]
[Result "0-1"]
[Round "01"]
[TimeControl "180+1"]
[Date "2022.06.07"]
[WhiteClock "0:00:22"]
[BlackClock "0:01:04"]

1. d4 Nf6 2. c4 e6 3. Nf3 d5 4. Nc3 c6 5. e3 Nbd7 6. Bd2 Be7 7. Bd3 O-O 8. O-O dxc4 9. Bxc4 b5 10. Bb3 Bb7 11. e4 b4 12. e5 Ng4 13. Ne4 c5 14. Nxc5 Nxc5 15. dxc5 Bxc5 16. Bf4 Qb6 17. Bg3 Rfd8 18. Qe2 Rac8 19. Rfc1 Nh6 20. Bh4 Rd7 21. Rd1 Rxd1+ 22. Rxd1 Nf5 23. Bg5 h6 24. Bd2 Qc6 25. Be1 Nd4 26. Nxd4 Qxg2# 0-1


[Site "https://www.chess.com"]